[Event "44th Chess Olympiad Women 2022"]
[Site "Chennai"]
[Date "2022.08.02"]
[Round "5.60"]
[White "Garcia, Andrea Nicole"]
[Black "Sy, Mariama"]
[Result "1-0"]
[ECO "C60"]
[WhiteElo "1631"]
[BlackElo "1211"]
[Annotator "NA RC COMBH"]
[PlyCount "69"]
[EventDate "2022.07.29"]
[EventType "team-tourn"]
[EventCountry "IND"]
[SourceTitle "playchess.com"]
[Source "ChessBase"]
[SourceQuality "1"]
[WhiteTeam "Honduras"]
[BlackTeam "Senegal"]
[WhiteTeamCountry "HON"]
[BlackTeamCountry "SEN"]
[TimeControl "40/5400+30:1800+30"]

1. e4 e5 2. Nf3 Nc6 3. Bb5 Bd6 4. c3 Nf6 5. d3 O-O 6. O-O a6 7. Ba4 b5 8. Bc2 Bb7 9. d4 Re8 10. Re1 exd4 11. cxd4 Na5 12. e5 Bb4 13. Bd2 Bxd2 14. Nbxd2 Ng4 15. h3 Nh6 16. b3 d6 17. Be4 dxe5 18. Bxb7 Nxb7 19. dxe5 f6 20. exf6 Qxf6 21. Qc2 c6 22. Rac1 Rac8 23. Rxe8+ Rxe8 24. Qxc6 Qxc6 25. Rxc6 a5 26. Rb6 Nc5 27. Rxb5 Nd3 28. Rxa5 Nf5 29. Rxf5 Nc1 30. a4 Rb8 31. Rb5 Rc8 32. a5 Rc3 33. a6 Rc8 34. a7 Na2 35. Rb8 1-0

[Event "44th Chess Olympiad Women 2022"]
[Site "Chennai"]
[Date "2022.08.02"]
[Round "5.60"]
[White "Sy Mame, Binta"]
[Black "Viana, Valeria"]
[Result "0-1"]
[ECO "B10"]
[WhiteElo "1256"]
[BlackElo "1441"]
[Annotator "NA RC COMBH"]
[PlyCount "81"]
[EventDate "2022.07.29"]
[EventType "team-tourn"]
[EventCountry "IND"]
[SourceTitle "playchess.com"]
[Source "ChessBase"]
[SourceQuality "1"]
[WhiteTeam "Senegal"]
[BlackTeam "Honduras"]
[WhiteTeamCountry "SEN"]
[BlackTeamCountry "HON"]
[TimeControl "40/5400+30:1800+30"]

1. e4 c6 2. d3 d5 3. exd5 cxd5 4. d4 Nc6 5. Be3 e5 6. Bb5 exd4 7. Bxc6+ bxc6 8. Bxd4 Nf6 9. Nf3 Ba6 10. Nc3 Bd6 11. Qd2 O-O 12. O-O-O Qc7 13. Bxf6 Bf4 14. Be5 Bxd2+ 15. Kxd2 Qb7 16. Kc1 Be2 17. Nxe2 Rfe8 18. Rhe1 f6 19. Bd6 Re6 20. Ba3 Rb8 21. Nfd4 Re5 22. Nc3 Rbe8 23. Rxe5 fxe5 24. Nf5 Qf7 25. Nd6 Qf4+ 26. Rd2 Rb8 27. g3 Qf6 28. Na4 Qe6 29. h4 e4 30. Re2 Qg4 31. Re1 e3 32. Rxe3 Qxa4 33. Nf5 Qc4 34. Ne7+ Kh8 35. Re1 Rd8 36. Kb1 d4 37. f4 d3 38. c3 d2 39. Rd1 Qd3+ 40. Ka1 Qc2 41. Rxd2 0-1

[Event "44th Chess Olympiad Women 2022"]
[Site "Chennai"]
[Date "2022.08.02"]
[Round "5.60"]
[White "Godoy Yolanda"]
[Black "Marochkina, Nadezhda Valerevna"]
[Result "0-1"]
[ECO "B11"]
[WhiteElo "1219"]
[BlackElo "1687"]
[Annotator "NA RC COMBH"]
[PlyCount "92"]
[EventDate "2022.07.29"]
[EventType "team-tourn"]
[EventCountry "IND"]
[SourceTitle "playchess.com"]
[Source "ChessBase"]
[SourceQuality "1"]
[WhiteTeam "Honduras"]
[BlackTeam "Senegal"]
[WhiteTeamCountry "HON"]
[BlackTeamCountry "SEN"]
[TimeControl "40/5400+30:1800+30"]

1. e4 c6 2. Nf3 d5 3. Nc3 Nf6 4. d3 Bg4 5. Bg5 Nbd7 6. Bxf6 Nxf6 7. h3 Bh5 8. Be2 e6 9. a3 b5 10. b4 a5 11. O-O axb4 12. axb4 Bxb4 13. Rxa8 Qxa8 14. Nb1 O-O 15. e5 Nd7 16. d4 Qa5 17. Qd3 Rb8 18. Ng5 Bg6 19. Qf3 h6 20. Bd3 hxg5 21. Bxg6 fxg6 22. Rd1 Qd8 23. Qd3 Qe8 24. Qf3 Qf7 25. c3 Qxf3 26. gxf3 Be7 27. Nd2 c5 28. dxc5 Nxc5 29. Ra1 Na4 30. Rc1 Rc8 31. Nb1 b4 32. Nd2 bxc3 33. Nb3 Kf7 34. Ra1 Nc5 35. Nc1 d4 36. Ne2 d3 37. Nxc3 Nb3 38. Rd1 Rxc3 39. Rb1 d2 40. Rd1 Rc1 41. Rxc1 dxc1=Q+ 42. Kg2 Nd2 43. Kh2 Nxf3+ 44. Kg2 Nh4+ 45. Kh2 Qf1 46. Kg3 Qg2# 0-1

[Event "44th Chess Olympiad Women 2022"]
[Site "Chennai"]
[Date "2022.08.02"]
[Round "5.61"]
[White "Bantiwalu, Aster Melake"]
[Black "Elshalom Essayas Berhane"]
[Result "1-0"]
[ECO "B30"]
[WhiteElo "1425"]
[BlackElo "1481"]
[Annotator "NA RC COMBH"]
[PlyCount "149"]
[EventDate "2022.07.29"]
[EventType "team-tourn"]
[EventCountry "IND"]
[SourceTitle "playchess.com"]
[Source "ChessBase"]
[SourceQuality "1"]
[WhiteTeam "Ethiopia"]
[BlackTeam "Eritrea"]
[WhiteTeamCountry "ETH"]
[BlackTeamCountry "ERI"]
[TimeControl "40/5400+30:1800+30"]

1. e4 c5 2. Nf3 Nc6 3. Bc4 e5 4. d3 h6 5. Nc3 Nf6 6. a3 Be7 7. Be3 d6 8. h3 O-O 9. O-O Bd7 10. Qd2 Nd4 11. Bxd4 cxd4 12. Ne2 Qc8 13. Ng3 Qc7 14. Bb3 Rac8 15. Rac1 Qb6 16. Rfe1 a5 17. Rb1 Rc7 18. Rec1 Rfc8 19. Qd1 Rc5 20. Nd2 a4 21. Bc4 Qc7 22. b4 axb3 23. Bxb3 d5 24. Qf3 Be6 25. exd5 Nxd5 26. Bc4 Bg5 27. Nge4 Bxd2 28. Nxd2 Nb6 29. Bxe6 fxe6 30. Nc4 Rf8 31. Qe4 Rf4 32. Qg6 Nxc4 33. dxc4 Qc6 34. Rb4 Rxc4 35. Rcb1 Rxb4 36. Rxb4 Rf6 37. Qd3 Rf8 38. Qb3 Qd5 39. Qxd5 exd5 40. Rxb7 Rc8 41. Rb2 Rc3 42. Ra2 d3 43. cxd3 Rxd3 44. f3 Kf8 45. a4 Rb3 46. a5 Rb8 47. a6 Ra8 48. Ra5 d4 49. Kf2 Kf7 50. Ke2 Ke6 51. g4 Kd6 52. Kd3 Kc6 53. Rxe5 Kd7 54. Ra5 Kc6 55. Kxd4 Kb6 56. Ra3 Ka7 57. Ke5 Rf8 58. h4 h5 59. g5 g6 60. f4 Rf5+ 61. Ke4 Ka8 62. Rd3 Rb5 63. Rd6 Rb4+ 64. Ke5 Rb5+ 65. Kf6 Rf5+ 66. Kxg6 Rxf4 67. Kxh5 Ka7 68. g6 Rf2 69. Kh6 Rh2 70. h5 Re2 71. g7 Re8 72. Kh7 Re7 73. Kh8 Rf7 74. g8=Q Rf8 75. Rd7+ 1-0

[Event "44th Chess Olympiad Women 2022"]
[Site "Chennai"]
[Date "2022.08.02"]
[Round "5.62"]
[White "Nan M K Khine Hlyan"]
[Black "Prasad, Tanvi"]
[Result "1/2-1/2"]
[ECO "C48"]
[WhiteElo "1979"]
[BlackElo "1165"]
[Annotator "NA RC"]
[PlyCount "43"]
[EventDate "2022.07.29"]
[EventType "team-tourn"]
[EventCountry "IND"]
[SourceTitle "playchess.com"]
[Source "ChessBase"]
[SourceQuality "1"]
[WhiteTeam "Myanmar"]
[BlackTeam "Fiji"]
[WhiteTeamCountry "MYA"]
[BlackTeamCountry "FIJ"]
[TimeControl "40/5400+30:1800+30"]

1. e4 e5 2. Nf3 Nf6 3. Nc3 Nc6 4. Bb5 Bc5 5. d3 d6 6. Bg5 h6 7. Bh4 Bd7 8. Nd5 g5 9. Bg3 Nxd5 10. exd5 Ne7 11. Bc4 f5 12. Nxe5 dxe5 13. Qh5+ Kf8 14. d6 Be8 15. dxe7+ Qxe7 16. Qf3 f4 17. O-O-O Bc6 18. Qh5 Qe8 19. Qg4 Bd7 20. Qf3 Bc6 21. Qg4 Bd7 22. Qf3 1/2-1/2

[Event "44th Chess Olympiad Women 2022"]
[Site "Chennai"]
[Date "2022.08.02"]
[Round "5.62"]
[White "Lyons, Kieran"]
[Black "San Diego, Marie Antoinette"]
[Result "1-0"]
[ECO "C01"]
[WhiteElo "1767"]
[BlackElo "2101"]
[Annotator "NA RC"]
[PlyCount "27"]
[EventDate "2022.07.29"]
[EventType "team-tourn"]
[EventCountry "IND"]
[SourceTitle "playchess.com"]
[Source "ChessBase"]
[SourceQuality "1"]
[WhiteTeam "Fiji"]
[BlackTeam "Philippines"]
[WhiteTeamCountry "FIJ"]
[BlackTeamCountry "PHI"]
[TimeControl "40/5400+30:1800+30"]

1. e4 e6 2. d4 Nc6 3. Nf3 b6 4. Nc3 Bb7 5. d5 Nce7 6. Ne5 Nf6 7. Bc4 a6 8. Qf3 h6 9. Nxf7 Kxf7 10. e5 g6 11. Qxf6+ Ke8 12. dxe6 Rh7 13. Qf7+ Rxf7 14. exf7# 1-0

[Event "44th Chess Olympiad Women 2022"]
[Site "Chennai"]
[Date "2022.08.02"]
[Round "5.63"]
[White "James, Shemilah"]
[Black "De Souza, Ivana Claudia Eyram"]
[Result "1-0"]
[ECO "C54"]
[WhiteElo "1590"]
[BlackElo "1167"]
[Annotator "NA COMBH"]
[PlyCount "69"]
[EventDate "2022.07.29"]
[EventType "team-tourn"]
[EventCountry "IND"]
[SourceTitle "playchess.com"]
[Source "ChessBase"]
[SourceQuality "1"]
[WhiteTeam "TTO"]
[BlackTeam "Togo"]
[BlackTeamCountry "TOG"]
[TimeControl "40/5400+30:1800+30"]

1. e4 e5 2. Nf3 Nc6 3. Bc4 Bc5 4. c3 a6 5. Bb3 d6 6. d3 h6 7. O-O Nf6 8. Be3 Ba7 9. h3 O-O 10. Nbd2 Be6 11. Re1 Qd7 12. Nf1 Ne7 13. Ng3 Ng6 14. Bc2 c6 15. d4 Qc8 16. Qd2 Nh7 17. Nf5 Bxf5 18. exf5 Nf4 19. Bxf4 exf4 20. Qxf4 Bb8 21. Qe3 Nf6 22. Qd3 Qd7 23. Nh2 Nd5 24. f6 g6 25. Qf3 Kh7 26. Be4 Bc7 27. Bxd5 cxd5 28. Re7 Qc6 29. Qe3 Rae8 30. Ng4 g5 31. Qd3+ Kh8 32. Nxh6 Rxe7 33. fxe7 Kg7 34. exf8=Q+ Kxf8 35. Re1 1-0

[Event "44th Chess Olympiad Women 2022"]
[Site "Chennai"]
[Date "2022.08.02"]
[Round "5.63"]
[White "Esse, Akua Kosife"]
[Black "Mohammed, Celine Angelina"]
[Result "1/2-1/2"]
[ECO "C50"]
[WhiteElo "1329"]
[BlackElo "1100"]
[Annotator "NA RC COMBH"]
[PlyCount "63"]
[EventDate "2022.07.29"]
[EventType "team-tourn"]
[EventCountry "IND"]
[SourceTitle "playchess.com"]
[Source "ChessBase"]
[SourceQuality "1"]
[WhiteTeam "Togo"]
[BlackTeam "TTO"]
[WhiteTeamCountry "TOG"]
[TimeControl "40/5400+30:1800+30"]

1. e4 e5 2. Nf3 Nc6 3. Bc4 Bc5 4. Nc3 a6 5. O-O d6 6. Na4 Ba7 7. Nc3 Bg4 8. h3 Bh5 9. Be2 Nf6 10. d3 h6 11. Nh4 Bxe2 12. Qxe2 Nd4 13. Qd1 Nxe4 14. Nxe4 Qxh4 15. c3 Ne6 16. Qe2 f5 17. Nd2 Qg5 18. Qf3 c6 19. Nc4 Qe7 20. Qxf5 Kd7 21. Be3 Rhf8 22. Qg4 Bxe3 23. Nxe3 Rf4 24. Qe2 Raf8 25. Nc4 Kc7 26. Qe3 c5 27. a3 b6 28. b4 R8f6 29. Qd2 Rg6 30. Rae1 Qg5 31. g3 Qf5 32. Ne3 1/2-1/2

[Event "44th Chess Olympiad Women 2022"]
[Site "Chennai"]
[Date "2022.08.02"]
[Round "5.63"]
[White "Martin, Kayla"]
[Black "Oyenga, Justine Anassika"]
[Result "1-0"]
[ECO "D92"]
[WhiteElo "1138"]
[BlackElo "1223"]
[Annotator "NA RC COMBH"]
[PlyCount "55"]
[EventDate "2022.07.29"]
[EventType "team-tourn"]
[EventCountry "IND"]
[SourceTitle "playchess.com"]
[Source "ChessBase"]
[SourceQuality "1"]
[WhiteTeam "TTO"]
[BlackTeam "Togo"]
[BlackTeamCountry "TOG"]
[TimeControl "40/5400+30:1800+30"]

1. d4 d5 2. c4 c6 3. Nc3 Nf6 4. Bf4 g6 5. Nf3 Bf5 6. e3 Bg7 7. Bd3 Ne4 8. O-O O-O 9. Ne5 Nxc3 10. bxc3 Nd7 11. Bxf5 gxf5 12. Qh5 Nxe5 13. Bxe5 Bxe5 14. dxe5 Kh8 15. Qxf5 dxc4 16. f4 e6 17. Qg4 Rg8 18. Qh3 Qa5 19. e4 Qc5+ 20. Kh1 Rad8 21. Rf3 Qb6 22. f5 Qb2 23. Raf1 Rd2 24. Rg3 Rd3 25. Rxg8+ Kxg8 26. Qg4+ Kh8 27. f6 Qf2 28. Qg7# 1-0

[Event "44th Chess Olympiad Women 2022"]
[Site "Chennai"]
[Date "2022.08.02"]
[Round "5.64"]
[White "Saraci, Rinesa"]
[Black "Johnson, Daijah"]
[Result "0-1"]
[ECO "E90"]
[WhiteElo "1494"]
[BlackElo "1480"]
[Annotator "NA RC COMBH"]
[PlyCount "74"]
[EventDate "2022.07.29"]
[EventType "team-tourn"]
[EventCountry "IND"]
[SourceTitle "playchess.com"]
[Source "ChessBase"]
[SourceQuality "1"]
[WhiteTeam "Kosovo"]
[BlackTeam "Bahamas"]
[WhiteTeamCountry "KOS"]
[BlackTeamCountry "BAH"]
[TimeControl "40/5400+30:1800+30"]

1. d4 Nf6 2. c4 g6 3. Nc3 Bg7 4. e4 d6 5. Nf3 Bg4 6. h3 Bxf3 7. Qxf3 O-O 8. e5 dxe5 9. dxe5 Ne8 10. Qxb7 Nd7 11. e6 fxe6 12. Qc6 Bxc3+ 13. bxc3 e5 14. Bh6 Rf6 15. Qd5+ Kh8 16. Bg5 Rf5 17. Bxe7 Nef6 18. Bxd8 Nxd5 19. cxd5 Rxd8 20. Be2 Rdf8 21. O-O e4 22. c4 Ne5 23. Rab1 Nd3 24. f3 Nf4 25. Bd1 e3 26. Rb2 Re5 27. Be2 Nxe2+ 28. Rxe2 Rf4 29. Rc1 Rd4 30. Rcc2 a6 31. g3 Kg7 32. Rc3 Rd1+ 33. Kg2 Rd2 34. Rc2 Rxc2 35. Rxc2 e2 36. Rc1 e1=Q 37. Rxe1 Rxe1 0-1

[Event "44th Chess Olympiad Women 2022"]
[Site "Chennai"]
[Date "2022.08.02"]
[Round "5.65"]
[White "Nacario, Ruth"]
[Black "Ahmed, Najla"]
[Result "1-0"]
[ECO "D20"]
[WhiteElo "1552"]
[BlackElo "1176"]
[Annotator "NA RC COMBH"]
[PlyCount "52"]
[EventDate "2022.07.29"]
[EventType "team-tourn"]
[EventCountry "IND"]
[SourceTitle "playchess.com"]
[Source "ChessBase"]
[SourceQuality "1"]
[WhiteTeam "GUM"]
[BlackTeam "Brunei"]
[BlackTeamCountry "BRN"]
[TimeControl "40/5400+30:1800+30"]

1. d4 d5 2. c4 dxc4 3. e4 Nf6 4. Nc3 e6 5. Bxc4 e5 6. Nge2 Be7 7. Bg5 Nbd7 8. Qb3 O-O 9. O-O-O Ng4 10. Be3 Bg5 11. Rdf1 exd4 12. Nxd4 Nde5 13. Bxg5 Qxg5+ 14. Kb1 Nxc4 15. Qxc4 Qe5 16. f4 Qe7 17. Rf3 Rd8 18. h3 Nf6 19. Re1 Qd7 20. Rd1 Qe7 21. Re3 a6 22. Qe2 Qb4 23. Nc2 Rxd1+ 24. Qxd1 Qe7 25. e5 Ne8 26. Nd5 Qd7 1-0

[Event "44th Chess Olympiad Women 2022"]
[Site "Chennai"]
[Date "2022.08.02"]
[Round "5.65"]
[White "Almusawi, Maram"]
[Black "Ollet, Myra"]
[Result "0-1"]
[ECO "A46"]
[WhiteElo "1349"]
[BlackElo "1480"]
[Annotator "NA RC COMBH"]
[PlyCount "86"]
[EventDate "2022.07.29"]
[EventType "team-tourn"]
[EventCountry "IND"]
[SourceTitle "playchess.com"]
[Source "ChessBase"]
[SourceQuality "1"]
[WhiteTeam "Brunei"]
[BlackTeam "GUM"]
[WhiteTeamCountry "BRN"]
[TimeControl "40/5400+30:1800+30"]

1. d4 Nf6 2. Nf3 d6 3. e3 c6 4. Bd3 Nbd7 5. Nbd2 Qc7 6. c3 b6 7. Qe2 b5 8. a4 bxa4 9. Rxa4 Nb6 10. Ra1 e6 11. Ba6 Be7 12. O-O h6 13. b4 Bd7 14. Bb2 O-O 15. Rfe1 e5 16. dxe5 dxe5 17. e4 Bg4 18. Qe3 c5 19. Ba3 cxb4 20. Bxb4 Bxb4 21. cxb4 Rad8 22. h3 Bxf3 23. Nxf3 Qe7 24. Rac1 Nfd7 25. Rc7 Qxb4 26. Rxa7 Ra8 27. Rxa8 Rxa8 28. Bd3 Ra3 29. Qe2 f6 30. Rb1 Qc3 31. Bb5 Nc5 32. Bc6 Ra1 33. Rxa1 Qxa1+ 34. Kh2 Qc1 35. Nh4 Kh7 36. g3 Ne6 37. Bd5 Nd4 38. Qh5 Qg5 39. Qf7 Nxd5 40. exd5 Nf5 41. Ng2 Qd2 42. Qe6 Qxf2 43. g4 Ne3 0-1

[Event "44th Chess Olympiad Women 2022"]
[Site "Chennai"]
[Date "2022.08.02"]
[Round "5.66"]
[White "Msukwa, Tupokiwe"]
[Black "Callender, Jessica"]
[Result "0-1"]
[ECO "E90"]
[WhiteElo "1369"]
[BlackElo "1295"]
[Annotator "NA RC COMBH"]
[PlyCount "55"]
[EventDate "2022.07.29"]
[EventType "team-tourn"]
[EventCountry "IND"]
[SourceTitle "playchess.com"]
[Source "ChessBase"]
[SourceQuality "1"]
[WhiteTeam "MAW"]
[BlackTeam "Guyana"]
[BlackTeamCountry "GUY"]
[TimeControl "40/5400+30:1800+30"]

1. d4 Nf6 2. c4 d6 3. Nc3 g6 4. e4 Bg7 5. h3 O-O 6. Nf3 Nbd7 7. Bd3 e5 8. d5 a5 9. Bg5 h6 10. Be3 Kh7 11. O-O Nh5 12. Ne2 f5 13. exf5 gxf5 14. Bc2 e4 15. Nfd4 Ne5 16. Nc3 Qh4 17. b3 f4 18. Bxe4+ Kh8 19. Bc1 Bxh3 20. Nf3 Nxf3+ 21. Qxf3 Bg4 22. Qd3 Be5 23. f3 Ng3 24. Re1 Bf5 25. Bxf5 Nxf5 26. Bb2 Bd4+ 27. Qxd4+ Nxd4 28. Bc1 0-1

[Event "44th Chess Olympiad Women 2022"]
[Site "Chennai"]
[Date "2022.08.02"]
[Round "5.66"]
[White "Mpinganjira, Ellen"]
[Black "Lam, Pooja"]
[Result "1-0"]
[ECO "B13"]
[WhiteElo "1334"]
[BlackElo "1163"]
[Annotator "NA RC COMBH"]
[PlyCount "73"]
[EventDate "2022.07.29"]
[EventType "team-tourn"]
[EventCountry "IND"]
[SourceTitle "playchess.com"]
[Source "ChessBase"]
[SourceQuality "1"]
[WhiteTeam "MAW"]
[BlackTeam "Guyana"]
[BlackTeamCountry "GUY"]
[TimeControl "40/5400+30:1800+30"]

1. e4 c6 2. Nf3 d5 3. exd5 cxd5 4. d4 Nc6 5. Bb5 Bd7 6. c3 Qc7 7. O-O Nf6 8. Bg5 Ne4 9. Bh4 e6 10. Nbd2 Bd6 11. Re1 Nxd2 12. Qxd2 O-O 13. Bd3 e5 14. dxe5 Nxe5 15. Nxe5 Bxe5 16. h3 Bc6 17. Qg5 f5 18. Bxf5 Bf6 19. Be6+ Kh8 20. Qg3 Qxg3 21. Bxg3 d4 22. cxd4 Bxd4 23. Rab1 Rf6 24. Re2 Re8 25. Bg4 Rxe2 26. Bxe2 h6 27. b3 Be4 28. Rd1 Bc3 29. Bd3 Bc6 30. Bc4 b5 31. Bd5 Bd7 32. Be4 Rf7 33. Bg6 Re7 34. f3 Ba5 35. Bh4 Bb6+ 36. Kf1 Re6 37. Bf5 1-0

[Event "44th Chess Olympiad Women 2022"]
[Site "Chennai"]
[Date "2022.08.02"]
[Round "5.66"]
[White "Johnson, Nellisha"]
[Black "Jambo, Linda"]
[Result "1/2-1/2"]
[ECO "C50"]
[WhiteElo "1093"]
[BlackElo "1426"]
[Annotator "NA RC COMBH"]
[PlyCount "87"]
[EventDate "2022.07.29"]
[EventType "team-tourn"]
[EventCountry "IND"]
[SourceTitle "playchess.com"]
[Source "ChessBase"]
[SourceQuality "1"]
[WhiteTeam "Guyana"]
[BlackTeam "MAW"]
[WhiteTeamCountry "GUY"]
[TimeControl "40/5400+30:1800+30"]

1. e4 e5 2. Nf3 Nc6 3. Bc4 Bc5 4. O-O Nf6 5. d3 h6 6. Be3 Be7 7. Nc3 d6 8. h3 O-O 9. Nd5 Nxd5 10. Bxd5 Nb4 11. Bb3 a6 12. c3 Nc6 13. Nh2 Bg5 14. Qe2 Bxe3 15. fxe3 Qg5 16. Rf3 Be6 17. Raf1 Bxb3 18. axb3 Rae8 19. Rf5 Qg6 20. Qg4 Qxg4 21. Nxg4 b5 22. b4 Ra8 23. Ra1 a5 24. bxa5 Rxa5 25. Rxa5 Nxa5 26. d4 f6 27. Rf1 Nb3 28. Rd1 Ra8 29. Nf2 Ra1 30. Rxa1 Nxa1 31. Kf1 Kf7 32. d5 Nb3 33. Ke2 Ke7 34. Nd3 Nc5 35. Nxc5 dxc5 36. b3 Kd6 37. c4 b4 38. Kf3 Ke7 39. h4 h5 40. g4 g6 41. g5 fxg5 42. hxg5 Kd6 43. Kg3 Ke7 44. Kh4 1/2-1/2

[Event "44th Chess Olympiad Women 2022"]
[Site "Chennai"]
[Date "2022.08.02"]
[Round "5.67"]
[White "Ibtihal Mohammed"]
[Black "Magne Kouokam Sylviane"]
[Result "0-1"]
[ECO "D02"]
[WhiteElo "1445"]
[BlackElo "1317"]
[Annotator "NA RC COMBH"]
[PlyCount "146"]
[EventDate "2022.07.29"]
[EventType "team-tourn"]
[EventCountry "IND"]
[SourceTitle "playchess.com"]
[Source "ChessBase"]
[SourceQuality "1"]
[WhiteTeam "Sudan"]
[BlackTeam "CMR"]
[WhiteTeamCountry "SUD"]
[TimeControl "40/5400+30:1800+30"]

1. Nf3 d5 2. d4 Nf6 3. g3 c5 4. c3 Nc6 5. Bg2 Bf5 6. O-O e6 7. Qb3 Qd7 8. Bf4 Be7 9. h3 Nh5 10. Bg5 Bg6 11. Bxe7 Qxe7 12. dxc5 O-O 13. Nbd2 Rab8 14. Kh2 Qxc5 15. Nh4 Ne5 16. Nxg6 fxg6 17. Nf3 Nc4 18. Rad1 Nf6 19. Nd4 Rfe8 20. Qc2 e5 21. Nb3 Qc6 22. Nd2 Nd6 23. Nb3 e4 24. Nd4 Qa6 25. a3 Rbc8 26. e3 Qb6 27. Qb3 Qc7 28. Ne2 Nc4 29. Nf4 Rcd8 30. Rd4 Na5 31. Qb5 a6 32. Qa4 b5 33. Qc2 g5 34. Ne2 Nc6 35. Rd2 Ne5 36. Nd4 g4 37. Rh1 Nf3+ 38. Nxf3 gxf3 39. Bf1 Qe5 40. a4 Rb8 41. axb5 axb5 42. Qb3 Re6 43. Qb4 Nh5 44. Qd4 Qxd4 45. Rxd4 Re5 46. Rb4 Re7 47. Rxb5 Reb7 48. c4 Nf6 49. b4 Rxb5 50. cxb5 Kf8 51. h4 h5 52. Bh3 Rxb5 53. Rb1 Rb6 54. Bc8 Ng4+ 55. Kg1 Ne5 56. b5 Ke7 57. Kf1 Nd3 58. Ba6 Nc5 59. Ra1 Kd6 60. Ke1 Nd3+ 61. Kf1 Nb4 62. Ra4 Nd3 63. Ra3 Nb2 64. Rc3 Nc4 65. Ke1 Kc5 66. Rb3 d4 67. exd4+ Kxd4 68. Bc8 Ne5 69. Kd2 Nd3 70. Bd7 Nxf2 71. Rb4+ Ke5 72. Ke3 Nd1+ 73. Kd2 Rd6+ 0-1

[Event "44th Chess Olympiad Women 2022"]
[Site "Chennai"]
[Date "2022.08.02"]
[Round "5.67"]
[White "Tchouateu Tankeu Stephanie"]
[Black "Sara, Gadalla Karar"]
[Result "1-0"]
[ECO "E14"]
[WhiteElo "1280"]
[BlackElo "1433"]
[Annotator "NA RC COMBH"]
[PlyCount "113"]
[EventDate "2022.07.29"]
[EventType "team-tourn"]
[EventCountry "IND"]
[SourceTitle "playchess.com"]
[Source "ChessBase"]
[SourceQuality "1"]
[WhiteTeam "CMR"]
[BlackTeam "Sudan"]
[BlackTeamCountry "SUD"]
[TimeControl "40/5400+30:1800+30"]

1. d4 Nf6 2. Nf3 e6 3. c4 b6 4. e3 Bb7 5. Be2 Bb4+ 6. Nbd2 O-O 7. a3 Be7 8. O-O c5 9. Nb3 cxd4 10. exd4 Ba6 11. Qc2 d5 12. cxd5 Bxe2 13. Qxe2 Nxd5 14. Bd2 Nc6 15. Rac1 Rc8 16. Ne5 Qe8 17. Ng4 f5 18. Qxe6+ Kh8 19. Ne3 Nf4 20. Qc4 Qd7 21. Nc5 Qxd4 22. Qxd4 Nxd4 23. Nd7 Nfe2+ 24. Kh1 Rxc1 25. Bxc1 Nxc1 26. Nxf8 Nde2 27. Ne6 g6 28. g3 Kg8 29. Rd1 Kf7 30. Nc7 Kg8 31. Ned5 Bc5 32. Nf6+ Kf7 33. Nxh7 Bd4 34. Kg2 Ke7 35. Nb5 Bxb2 36. a4 Be5 37. Nxa7 Bd4 38. Nc6+ Ke6 39. Nxd4+ Nxd4 40. Rxd4 Ke7 41. Rb4 Nd3 42. Rxb6 Nc5 43. Rb4 Kd6 44. h4 Kd7 45. Nf8+ Ke8 46. Nxg6 Kf7 47. Nf4 Kg7 48. a5 Kf7 49. Rb5 Na6 50. Rb6 Nc5 51. a6 Nxa6 52. Rxa6 Kg7 53. h5 Kh7 54. Kh3 Kg7 55. Kh4 Kh7 56. Kg5 Kg7 57. Ra7+ 1-0

[Event "44th Chess Olympiad Women 2022"]
[Site "Chennai"]
[Date "2022.08.02"]
[Round "5.69"]
[White "Markidou, Christianna"]
[Black "Abigail Karyah"]
[Result "1-0"]
[ECO "C41"]
[WhiteElo "1701"]
[BlackElo "1455"]
[Annotator "NA RC COMBH"]
[PlyCount "70"]
[EventDate "2022.07.29"]
[EventType "team-tourn"]
[EventCountry "IND"]
[SourceTitle "playchess.com"]
[Source "ChessBase"]
[SourceQuality "1"]
[WhiteTeam "Cyprus"]
[BlackTeam "Liberia"]
[WhiteTeamCountry "CYP"]
[BlackTeamCountry "LBR"]
[TimeControl "40/5400+30:1800+30"]

1. e4 e5 2. Nf3 d6 3. d4 exd4 4. Nxd4 Nf6 5. Nc3 Be7 6. Bd3 O-O 7. O-O Bd7 8. b3 Nc6 9. Nxc6 Bxc6 10. Bb2 h6 11. f4 Qd7 12. h3 Rad8 13. Qf3 d5 14. e5 d4 15. Ne4 Nxe4 16. Bxe4 Bxe4 17. Qxe4 Bc5 18. Kh1 Qd5 19. Qxd5 Rxd5 20. Rf3 b5 21. Rd1 Rfd8 22. Rfd3 c6 23. g4 a5 24. Kg2 Kf8 25. Kf3 Bb6 26. Ke4 c5 27. c4 bxc4 28. bxc4 R5d7 29. Rb3 Ba7 30. Ba3 d3 31. Rdxd3 Rxd3 32. Rxd3 Rxd3 33. Kxd3 Ke7 34. Ke4 Ke6 35. f5+ Kd7 1-0

[Event "44th Chess Olympiad Women 2022"]
[Site "Chennai"]
[Date "2022.08.02"]
[Round "5.70"]
[White "Spinola, Divania"]
[Black "Yavo Tchetche, Marie"]
[Result "0-1"]
[ECO "C00"]
[WhiteElo "1425"]
[BlackElo "1313"]
[Annotator "NA RC COMBH"]
[PlyCount "56"]
[EventDate "2022.07.29"]
[EventType "team-tourn"]
[EventCountry "IND"]
[SourceTitle "playchess.com"]
[Source "ChessBase"]
[SourceQuality "1"]
[WhiteTeam "CPV"]
[BlackTeam "CIV"]
[TimeControl "40/5400+30:1800+30"]

1. e4 e6 2. Nf3 c5 3. d3 d5 4. Nbd2 Nf6 5. e5 Nfd7 6. Be2 Nc6 7. b3 Ndxe5 8. Nxe5 Nxe5 9. Bb2 Qf6 10. Nf3 Nxf3+ 11. Bxf3 Qxb2 12. O-O Bd6 13. Re1 O-O 14. g3 Rb8 15. Qd2 Qf6 16. Bg2 Be5 17. Rab1 Bc3 18. Qe2 Bxe1 19. Qxe1 b6 20. a3 Bb7 21. Bf1 d4 22. Be2 e5 23. Qd2 e4 24. a4 exd3 25. cxd3 Rfe8 26. Bg4 Re7 27. Bh3 Qf3 28. Kf1 Qh1# 0-1

[Event "44th Chess Olympiad Women 2022"]
[Site "Chennai"]
[Date "2022.08.02"]
[Round "5.78"]
[White "Demchenko, Svitlana"]
[Black "Rivera Negron Yanira"]
[Result "1-0"]
[ECO "C00"]
[WhiteElo "2122"]
[BlackElo "1770"]
[Annotator "NA RC"]
[PlyCount "37"]
[EventDate "2022.07.29"]
[EventType "team-tourn"]
[EventCountry "IND"]
[SourceTitle "playchess.com"]
[Source "ChessBase"]
[SourceQuality "1"]
[WhiteTeam "Canada"]
[BlackTeam "Puerto Rico"]
[WhiteTeamCountry "CAN"]
[BlackTeamCountry "PUR"]
[TimeControl "40/5400+30:1800+30"]

1. e4 e6 2. b3 d5 3. Bb2 Nf6 4. e5 Nfd7 5. Qg4 c5 6. f4 Nc6 7. Nf3 Qc7 8. Be2 b6 9. O-O g6 10. Nc3 a6 11. Nxd5 exd5 12. e6 Nd4 13. Bxd4 cxd4 14. exd7+ Bxd7 15. Qg5 Bc6 16. Qf6 Rg8 17. Rae1 Bd6 18. Bb5+ Kf8 19. Ng5 1-0